 Dungeon Crawl Stone Soup version 0.22-a0-455-ga0624bf62c (webtiles) character file.

9731 Ordine the Thaumaturge (level 11, -1/60 HPs)
             Began as a Deep Elf Wizard on June 5, 2018.
             Was a High Priest of Sif Muna.
             Slain by marsu's ghost (22 damage)
             ... on level 1 of the Lair of Beasts.
             The game lasted 00:55:55 (14069 turns).

Ordine the Thaumaturge (Deep Elf Wizard)           Turns: 14069, Time: 00:55:56

Health: -1/60      AC:  4    Str:  4    XL:     11   Next: 26%
Magic:  27/36      EV: 16    Int: 27    God:    Sif Muna [*****.]
Gold:   521        SH:  0    Dex: 13    Spells: 16/31 levels left

rFire    . . .     SeeInvis .   a - +3 dagger (elec)
rCold    . . .     Gourm    +   (no shield)
rNeg     . . .     Faith    .   m - +0 robe
rPois    .         Spirit   .   l - +0 helmet
rElec    .         Reflect  .   C - +0 cloak
rCorr    .         Harm     .   (no gloves)
MR       ++...                  (no boots)
Stlth    ++........             E - amulet of the gourmand
HPRegen  0.20/turn              g - ring of magical power
MPRegen  0.25/turn              s - ring of protection from magic

@: divine energy
A: no striking features
a: Stop Divine Energy, Channel Magic, Forget Spell, Renounce Religion


You were on level 1 of the Lair of Beasts.
You worshipped Sif Muna.
Sif Muna was extremely pleased with you.
You were full.

You visited 3 branches of the dungeon, and saw 12 of its levels.

You collected 521 gold pieces.

Inventory:

Hand Weapons
 a - a +3 dagger of electrocution (weapon)
 b - a +0 dagger of venom
 H - a +2 short sword of electrocution
 J - a +2 short sword of draining
Armour
 l - a +0 helmet (worn)
 m - a +0 robe (worn)
 v - a +2 leather armour of poison resistance
 C - a +0 cloak (worn)
Jewellery
 g - a ring of magical power (left hand)
 h - an uncursed ring of wizardry
 i - an uncursed amulet of rage
 r - an uncursed ring of positive energy
 s - a ring of protection from magic (right hand)
 y - an uncursed amulet of the acrobat
 B - an uncursed ring of protection from cold
 E - an amulet of the gourmand (around neck)
 L - a +4 ring of strength {unknown}
Wands
 x - a wand of scattershot (3)
 A - a wand of iceblast (5)
 G - a wand of polymorph (14)
Scrolls
 j - 5 scrolls of remove curse
 p - a scroll of fog
 q - 3 scrolls of teleportation
 t - 2 scrolls of immolation
 K - a scroll of enchant armour
Potions
 c - 3 potions of haste
 e - 2 potions of brilliance
 f - a potion of agility
 k - a potion of curing
 n - a potion of resistance
 o - a potion of flight
 w - 2 potions of ambrosia
 z - a potion of heal wounds {unknown}
 D - a potion of might {unknown}
 F - a potion of degeneration {unknown}
 I - 2 potions of mutation {unknown}
Miscellaneous
 u - a lamp of fire
Comestibles
 d - 20 rations


   Skills:
 - Level 3.0 Fighting
 * Level 5.7 Short Blades
 + Level 7.8 Dodging
 - Level 3.0 Stealth
 + Level 10.5 Spellcasting
 + Level 7.2 Conjurations
   Level 1.1 Summonings
 - Level 6.0 Translocations
 - Level 6.0 Fire Magic
 + Level 0.1 Ice Magic
 - Level 6.0 Air Magic
 - Level 5.0 Poison Magic
 + Level 2.4 Evocations


You had 16 spell levels left.
You knew the following spells:

 Your Spells              Type           Power        Failure   Level  Hunger
a - Magic Dart            Conj           ####         1%          1    None
b - Blink                 Tloc           N/A          1%          2    None
c - Conjure Flame         Conj/Fire      #####...     1%          3    None
d - Mephitic Cloud        Conj/Pois/Air  #####...     1%          3    None
e - Bolt of Cold          Conj/Ice       ####......   80%         6    #####..

Your spell library contained the following spells:

 Spells                   Type           Power        Failure   Level  Hunger
 Slow                     Hex            ##......     6%          2    None
 Throw Frost              Conj/Ice       ####..       1%          2    None
 Sticky Flame             Conj/Fire      #####...     2%          4    None
 Call Imp                 Summ           ###.....     4%          2    None
 Poison Arrow             Conj/Pois      #####.....   45%         6    #####..
 Force Lance              Conj/Tloc      #####...     2%          4    None
 Searing Ray              Conj           ######       1%          2    None


Dungeon Overview and Level Annotations

Branches:
Dungeon (10/15)            Temple (1/1) D:6            Lair (1/6) D:9
    Orc (0/2) D:10

Altars:
Ashenzari
Cheibriados
Dithmenos
Elyvilon
Fedhas
Gozag
Hepliaklqana
Kikubaaqudgha
Makhleb
Nemelex Xobeh
Okawaru
Qazlal
Ru
Sif Muna
Trog
Uskayaw
Vehumet
Wu Jian
Xom
Yredelemnul
Zin
The Shining One

Annotations:
D:5 2 transporters
Lair:1 marsu's ghost, journeyman NaMo


Message History

Marsu's ghost is engulfed in blazing flames.
Casting: Conjure Flame (safe; 1% risk of failure)
Confirm with . or Enter, or press ? or * to list all spells.
You blink.
Casting: Blink (safe; 1% risk of failure)
Confirm with . or Enter, or press ? or * to list all spells.
Aiming: Conjure Flame (safe; 1% risk of failure)
Press: ? - help, Dir - move target cursor The fire ignites!
Marsu's ghost is engulfed in blazing flames.
Casting: Conjure Flame (safe; 1% risk of failure)
Confirm with . or Enter, or press ? or * to list all spells.
You blink.
Found a shiny pearl ring.
Found 13 gold pieces.
You see here a shiny pearl ring.
L - a shiny pearl ring Marsu's ghost says, "I'll show you the great annihilating truth!"
Marsu's ghost hits you!!
You die...

....P ...# ....P
P..#
...P♣♣♣♣P..#
#.PP♣PP..$#
#.P..P..#.#
..PP....#
#P.#...#
#.@##..#
#..W...## #
####...P#
######## ##..P#
#......W
##..#####.##P###
#
#...##P##.######
.
#...............
#.
#...#####..#####
.#####.##.#.#
#...####


You could see marsu's ghost.

Vanquished Creatures
  Erica (D:9)
  3 two-headed ogres (D:10)
  Sonja (D:10)
  Joseph (D:8)
  The ghost of NeAGen181 the Digger, a novice GrEE (D:5)
  A queen bee (D:7)
  Grinder (D:5)
  3 vampire mosquitoes (D:10)
  Edmund (D:6)
  A soldier ant (D:7)
  A porcupine (Lair:1)
  A sky beast (D:6)
  7 ice beasts
  4 orc warriors
  6 ogres
  An eye of draining (D:10)
  3 centaurs
  A big kobold (D:7)
  Blork the orc (D:4)
  The ghost of DasRunzen the Sneak, an amateur FeWn of Trog (D:4)
  6 bullfrogs
  A wyvern skeleton (D:10)
  3 scorpions
  18 killer bees
  4 wights (D:7)
  2 howler monkeys (D:6)
  2 crimson imps
  A quasit (D:9)
  A centaur zombie (D:10)
  5 hounds
  5 orc priests
  2 jellies
  2 centaur skeletons
  2 iguanas
  Natasha (thrice) (D:4)
  8 orc wizards
  6 worker ants
  A worker ant zombie (D:7)
  A howler monkey zombie (D:6)
  Robin (D:3)
  15 adders
  5 gnolls
  A shadow imp (D:8)
  2 oozes
  An adder zombie (D:6)
  2 worms
  3 dart slugs
  9 leopard geckos
  28 orcs
  7 giant cockroaches
  13 goblins
  15 hobgoblins
  3 jackals
  13 kobolds
  6 quokkas
  8 bats
  A frilled lizard (D:2)
  2 jackal skeletons
  A leopard gecko zombie (D:6)
  A quokka skeleton (D:5)
  10 rats
260 creatures vanquished.

Vanquished Creatures (collateral kills)
  A killer bee (D:7)
1 creature vanquished.

Grand Total: 261 creatures vanquished

Notes
Turn   | Place    | Note
-------+----------+-------------------------------------------
     0 | D:1      | Ordine the Deep Elf Wizard began the quest for the Orb.
     0 | D:1      | Reached XP level 1. HP: 10/10 MP: 7/7
   140 | D:1      | Reached XP level 2. HP: 9/15 MP: 1/9
   257 | D:1      | Learned a level 2 spell: Blink
   886 | D:2      | Reached XP level 3. HP: 17/19 MP: 2/11
  1617 | D:2      | Found a deep blue altar of Sif Muna.
  1623 | D:2      | Became a worshipper of Sif Muna the Loreminder
  1653 | D:2      | Learned a level 3 spell: Conjure Flame
  1657 | D:2      | Learned a level 3 spell: Mephitic Cloud
  1734 | D:2      | Reached XP level 4. HP: 24/24 MP: 7/12
  1992 | D:2      | Reached skill level 5 in Spellcasting
  2148 | D:3      | Reached skill level 1 in Fire Magic
  2300 | D:3      | Reached XP level 5. HP: 22/28 MP: 14/14
  2514 | D:3      | Reached skill level 1 in Poison Magic
  2632 | D:3      | Reached * piety under Sif Muna
  2662 | D:3      | Reached skill level 1 in Air Magic
  3270 | D:4      | Noticed Robin
  3285 | D:3      | Reached XP level 6. HP: 24/32 MP: 8/16
  3287 | D:3      | Killed Robin
  3915 | D:4      | Noticed Natasha
  3924 | D:4      | Killed Natasha
  4006 | D:4      | Noticed Natasha
  4011 | D:4      | Killed Natasha
  4011 | D:4      | Reached skill level 6 in Spellcasting
  4034 | D:4      | Noticed Blork the orc
  4050 | D:4      | Killed Blork the orc
  4050 | D:4      | Reached skill level 1 in Short Blades
  4050 | D:4      | Reached XP level 7. HP: 27/36 MP: 12/18
  4083 | D:4      | Noticed Natasha
  4088 | D:4      | Killed Natasha
  4088 | D:4      | Reached ** piety under Sif Muna
  4139 | D:4      | Noticed DasRunzen's ghost (amateur FeWn)
  4209 | D:4      | Killed DasRunzen's ghost
  4402 | D:4      | Found a white marble altar of Elyvilon.
  4403 | D:4      | Found a glowing golden altar of the Shining One.
  4424 | D:4      | Found a hide-covered altar of Uskayaw.
  4534 | D:5      | Entered Level 5 of the Dungeon
  4561 | D:5      | Noticed Grinder
  4580 | D:5      | Killed Grinder
  4647 | D:5      | Reached skill level 7 in Spellcasting
  4742 | D:5      | Found a transporter.
  4748 | D:5      | Found a transporter.
  4751 | D:5      | Noticed a two-headed ogre
  4774 | D:5      | Found an ornate altar of the Wu Jian Council.
  4774 | D:5      | Found a shadowy altar of Dithmenos.
  4774 | D:5      | Found a snail-covered altar of Cheibriados.
  4808 | D:5      | Reached skill level 1 in Fighting
  4808 | D:5      | Reached XP level 8. HP: 43/43 MP: 13/20
  4817 | D:5      | Noticed NeAGen181's ghost (novice GrEE)
  5080 | D:5      | HP: 2/43 [NeAGen181's ghost/stone arrow (24)]
  5523 | D:5      | Killed NeAGen181's ghost
  6072 | D:5      | Reached skill level 8 in Spellcasting
  6443 | D:6      | Found a staircase to the Ecumenical Temple.
  6452 | Temple   | Entered the Ecumenical Temple
  6767 | D:6      | Noticed Edmund
  6796 | D:6      | Killed Edmund
  6920 | D:6      | Reached *** piety under Sif Muna
  6976 | D:6      | Reached XP level 9. HP: 48/48 MP: 13/23
  6978 | D:6      | Reached skill level 5 in Dodging
  7715 | D:6      | Reached skill level 5 in Conjurations
  8468 | D:7      | Reached skill level 9 in Spellcasting
  8953 | D:7      | Reached skill level 5 in Fire Magic
  9365 | D:8      | Noticed a queen bee
  9465 | D:7      | HP: 2/50 [poisoned by a killer bee]
  9712 | D:7      | Killed a queen bee
  9712 | D:7      | Reached **** piety under Sif Muna
  9712 | D:7      | Reached XP level 10. HP: 46/56 MP: 25/25
 10189 | D:7      | HP: 2/56 [poisoned by a killer bee]
 10890 | D:8      | Reached skill level 5 in Air Magic
 10890 | D:8      | Noticed Joseph
 10966 | D:8      | Killed Joseph
 11625 | D:8      | Found an iron altar of Okawaru.
 11750 | D:9      | Found a staircase to the Lair.
 11948 | D:9      | Reached skill level 5 in Translocations
 12168 | D:9      | Noticed Erica
 12182 | D:9      | Killed Erica
 12182 | D:9      | Reached skill level 5 in Short Blades
 12548 | D:10     | Entered Level 10 of the Dungeon
 12596 | D:10     | Reached ***** piety under Sif Muna
 12596 | D:10     | Identified Fyjos's Catalogue of Confrontation (Sif Muna gifted it to you on level 10 of the Dungeon)
 12596 | D:10     | Received a gift from Sif Muna
 12597 | D:10     | Reached skill level 10 in Spellcasting
 12597 | D:10     | Reached skill level 5 in Poison Magic
 12715 | D:10     | Noticed a two-headed ogre
 12726 | D:10     | Killed a two-headed ogre
 12726 | D:10     | Reached skill level 1 in Evocations
 12800 | D:10     | Found a staircase to the Orcish Mines.
 12958 | D:10     | Noticed Sonja
 12962 | D:10     | Noticed a two-headed ogre
 12977 | D:10     | Killed Sonja
 12977 | D:10     | Reached XP level 11. HP: 60/60 MP: 12/27
 13016 | D:10     | Killed a two-headed ogre
 13221 | D:10     | Noticed an orc knight
 13221 | D:10     | Noticed an orc knight
 13535 | D:10     | Noticed a two-headed ogre
 13546 | D:10     | Killed a two-headed ogre
 13848 | D:10     | Noticed an orc knight
 13946 | D:9      | Learned a level 6 spell: Bolt of Cold
 13947 | Lair:1   | Entered Level 1 of the Lair of Beasts
 14026 | Lair:1   | Noticed marsu's ghost (journeyman NaMo)
 14069 | Lair:1   | Slain by marsu's ghost

Vault maps used:
D:1:      dpeg_arrival_shelter
D:2:      led_sif_pool
D:3:      minmay_misc_feat_four_crosses
D:4:      eat_drink_and_be_merry_uskayaw, gammafunk_temple_overflow_wave,
          uniq_natasha, uniq_blork_the_orc, uniq_robin
D:5:      gammafunk_temple_overflow_arena, first_ration, gup_sewer_entry_spiral,
          uniq_grinder
D:6:      minmay_temple_entry_statues_fountains, uniq_edmund
D:8:      okawaru_altar_gauntlet_db, david_nohive_1, uniq_joseph
D:9:      lair_entry_dummy, uniq_erica
D:10:     orc_0_dummy, sword_in_stone, uniq_sonja
Temple:   dpeg_chambers_temple
Lair:1:   serial_forest, infiniplex_forest_straight_4,
          infiniplex_forest_clump_medium, infiniplex_forest_side_room,
          infiniplex_forest_clump_small, infiniplex_forest_lined_room_,
          infiniplex_forest_lined_1, infiniplex_forest_join,
          infiniplex_forest_end_1, infiniplex_forest_corner_2, minivault_25,
          serial_bayou_shore_b

Skill      XL: |  1  2  3  4  5  6  7  8  9 10 11 |
---------------+----------------------------------+-----
Conjurations   | 2 3 4 5 6 7 |  7.2
Stealth        | 3 |  3.0
Dodging        | 3 4 6 7 |  7.8
Spellcasting   | 5 6 7 8 9 10 | 10.5
Translocations | 2 3 4 5 6 |  6.0
Fire Magic     | 1 2 3 4 5 6 |  6.0
Poison Magic   | 1 2 3 4 5 |  5.0
Air Magic      | 1 2 3 4 5 6 |  6.0
Short Blades   | 1 2 3 4 5 |  5.7
Fighting       | 1 2 3 |  3.0
Evocations     | 1 2 |  2.4
Summonings     | |  1.1
Ice Magic      | |  0.1

Action                   |  1- 3 |  4- 6 |  7- 9 | 10-12 || total
-------------------------+-------+-------+-------+-------++-------
Melee: Unarmed           |    12 |       |       |       ||    12
       Dagger            |       |    13 |    43 |    58 ||   114
 Cast: Magic Dart        |   103 |   193 |   412 |   335 ||  1043
       Mephitic Cloud    |       |    14 |    35 |    27 ||    76
       Blink             |       |     8 |    13 |    22 ||    43
       Conjure Flame     |       |     1 |    25 |    30 ||    56
Invok: Divine Energy     |       |       |     1 |       ||     1
  Use: Scroll            |     3 |     2 |    10 |     4 ||    19
       Potion            |       |     1 |     1 |       ||     2
 Stab: Confused          |       |     2 |     4 |     2 ||     8
       Sleeping          |       |       |     2 |       ||     2
  Eat: Chunk             |     2 |     8 |    12 |    23 ||    45
       Ration            |       |       |     2 |       ||     2
Armor: Robe              |    11 |     9 |     5 |    11 ||    36
Dodge: Dodged            |    19 |    66 |    58 |   133 ||   276

Table legend:
 A = Spawn XP
 B = Non-spawn XP
 C = Spawn XP percentage of total XP
 D = Spawn monster count
 E = Non-spawn monster count
 F = Spawn count percentage of total count
 G = Total turns spent on level
                    A         B        C        D         E        F      G
               +---------+---------+-------+---------+---------+-------+---------
         Total |       0 |   13902 |   0.0 |       0 |     261 |   0.0 | 14069
               +---------+---------+-------+---------+---------+-------+---------
           D:1 |       0 |      38 |   0.0 |       0 |      19 |   0.0 |   950
           D:2 |       0 |      83 |   0.0 |       0 |      22 |   0.0 |  1186
           D:3 |       0 |     357 |   0.0 |       0 |      51 |   0.0 |  1700
           D:4 |       0 |     470 |   0.0 |       0 |      14 |   0.0 |  1072
           D:5 |       0 |    1314 |   0.0 |       0 |      22 |   0.0 |  1581
           D:6 |       0 |    1314 |   0.0 |       0 |      25 |   0.0 |  1188
           D:7 |       0 |    2663 |   0.0 |       0 |      45 |   0.0 |  2536
           D:8 |       0 |    1419 |   0.0 |       0 |      26 |   0.0 |  1274
           D:9 |       0 |    1406 |   0.0 |       0 |      12 |   0.0 |   876
          D:10 |       0 |    4693 |   0.0 |       0 |      24 |   0.0 |  1333
        Lair:1 |       0 |     145 |   0.0 |       0 |       1 |   0.0 |   122
               +---------+---------+-------+---------+---------+-------+---------
